 Dungeon Crawl Stone Soup version 0.23.0 (webtiles) character file.

Game seed: 9962016805554297081

1083 Borgoz the Sneak (level 8, 0/51 (63) HPs)
             Began as a Ghoul Enchanter on Feb 17, 2019.
             Splashed by a jelly's acid (5 damage)
             ... on level 6 of the Dungeon.
             The game lasted 00:16:03 (6753 turns).

Borgoz the Sneak (Ghoul Enchanter)                  Turns: 6753, Time: 00:16:04

HP:   0/51 (63)     AC: -3    Str: 12    XL:     8   Next: 30%
MP:   9/11          EV: 13    Int: 10    God:
Gold: 269           SH:  6    Dex: 11    Spells: 10/13 levels left

rFire    . . .     SeeInvis .   s - +3 dagger
rCold    + . .     Gourm    .   f - +2 buckler
rNeg     + + +     Faith    .   n - +0 animal skin
rPois    ∞         Spirit   .   b - +2 helmet
rElec    .         Reflect  .   (no cloak)
rCorr    .         Harm     .   (no gloves)
MR       .....                  (no boots)
Stlth    +++.......             (no amulet)
HPRegen  0.00/turn              (no ring)
MPRegen  0.12/turn              (no ring)

@: corroded, rotting
A: rotting body, claws 1, carnivore, cold resistance 1, negative energy
resistance 3, inhibited regeneration, torment resistance, unbreathing
a: no special abilities


You were on level 6 of the Dungeon.
You were not hungry.

You visited 1 branch of the dungeon, and saw 7 of its levels.

You collected 269 gold pieces.

Inventory:

Hand Weapons
 j - a +0 short sword of venom
 s - a +3 dagger (weapon)
Missiles
 t - 19 poisoned needles
Armour
 b - a +2 helmet (worn)
 f - a +2 buckler (worn)
 n - a +0 animal skin (worn)
Wands
 v - a wand of iceblast (9)
Scrolls
 i - 3 scrolls of remove curse
 m - 2 scrolls of blinking {unknown}
 o - a scroll of immolation {unknown}
 p - 2 scrolls of enchant armour {unknown}
 q - 2 scrolls of teleportation {unknown}
 u - a scroll of random uselessness {unknown}
 w - a scroll of enchant weapon {unknown}
Potions
 a - 2 potions of curing {unknown}
 c - a potion of flight {unknown}
 e - 2 potions of lignification
 g - a potion of haste
 h - a potion of cancellation {unknown}
 k - 2 potions of heal wounds {unknown}
 l - 3 potions of magic
 r - 2 potions of degeneration {unknown}
Comestibles
 d - 8 rations


   Skills:
 + Level 3.0 Fighting
 * Level 4.1 Short Blades
 * Level 4.3 Dodging
 + Level 4.8 Stealth
 + Level 2.1 Shields
 + Level 3.0 Spellcasting
 + Level 3.4 Hexes
 + Level 2.2 Ice Magic


You had 10 spell levels left.
You knew the following spells:

 Your Spells              Type           Power        Failure   Level  Hunger
a - Corona                Hex            #......      9%          1    #......
b - Ensorcelled Hibernat  Hex/Ice        #.....       17%         2    ###....

Your spell library contained the following spells:

 Spells                   Type           Power        Failure   Level  Hunger
 Confuse                  Hex            #.......     26%         3    ###....
 Tukima's Dance           Hex            #.......     26%         3    ###....
 Dazzling Spray           Conj/Hex       #.....       47%         3    ###....


Dungeon Overview and Level Annotations

Branches:
Dungeon (7/15)
 Temple: D:4-7

Altars:
Hepliaklqana
Trog
Yredelemnul
Zin


Innate Abilities, Weirdness & Mutations

Your body is rotting away.
You thrive on raw meat.
You are immune to poison.
You have sharp fingernails.
You are carnivorous and can eat meat at any time.
Your flesh is cold resistant. (rC+)
You are immune to negative energy. (rN+++)
You do not regenerate when monsters are visible.
You are immune to unholy pain and torment.
You can survive without breathing.


Message History

You block the jelly's attack.
You hit the jelly.
Your claws burn!
The jelly is severely wounded.
You hit the jelly.
Your claws burn!
The jelly is severely wounded.
You block the jelly's attack.
You hit the jelly. The acid corrodes you!
Your claws burn!
The jelly is severely wounded.
You block the jelly's attack.
You hit the jelly but do no damage.
Your claws burn!
The jelly is severely wounded.
The jelly hits you.
You are splashed with acid!
* * * LOW HITPOINT WARNING * * *
You hit the jelly.
Your claws burn!
* * * LOW HITPOINT WARNING * * *
The jelly is almost dead.
The jelly hits you.
* * * LOW HITPOINT WARNING * * *
You are splashed with acid.
You die...

.#................#....#
.#.....####..##..####+##.
.##+#######..##).## .. .#
..............# ... .#
..(...........# .... .#
..............+ ....#
.###############'##.....#
......###....#..........#
......#....$.#..@J......#
......#......#..........#
#.....#.................#
#.....######............#
#......>.....###########.
#............#
#............#
#............#
#............#


You could see a jelly.

Vanquished Creatures
  A black bear (D:6)
  2 phantoms (D:5)
  A bullfrog (D:6)
  A scorpion (D:6)
  7 wights
  A howler monkey (D:5)
  A crimson imp (D:5)
  A centaur skeleton (D:4)
  A hound (D:5)
  A bullfrog skeleton (D:6)
  An orc wizard (D:5)
  3 worker ants
  Robin (D:2)
  4 adders
  An ooze (D:2)
  An adder skeleton (D:4)
  A worm (D:6)
  2 dart slugs
  A leopard gecko (D:5)
  6 orcs
  3 ball pythons
  5 giant cockroaches
  14 goblins
  15 hobgoblins
  8 jackals
  7 kobolds
  3 quokkas
  6 bats
  4 frilled lizards
  4 rats
107 creatures vanquished.

Notes
Turn   | Place    | Note
-------+----------+-------------------------------------------
     0 | D:1      | Borgoz the Ghoul Enchanter began the quest for the Orb.
     0 | D:1      | Reached XP level 1. HP: 14/14 MP: 2/2
    49 | D:1      | Reached skill level 1 in Short Blades
   337 | D:1      | Reached XP level 2. HP: 15/19 MP: 3/3
   800 | D:1      | Reached XP level 3. HP: 21/27 MP: 4/4
  1095 | D:2      | Noticed Robin
  1423 | D:2      | Reached skill level 1 in Fighting
  1438 | D:2      | Reached XP level 4. HP: 32/35 MP: 6/6
  1438 | D:2      | Killed Robin
  2267 | D:3      | Reached XP level 5. HP: 40/40 MP: 7/7
  2281 | D:3      | Learned a level 2 spell: Ensorcelled Hibernation
  3639 | D:5      | Entered Level 5 of the Dungeon
  3967 | D:5      | Reached XP level 6. HP: 46/47 MP: 8/8
  4103 | D:5      | Reached skill level 1 in Shields
  4182 | D:5      | Reached skill level 1 in Ice Magic
  4182 | D:5      | Reached XP level 7. HP: 36/55 MP: 9/9
  5702 | D:6      | Reached XP level 8. HP: 41/60 MP: 6/11
  6415 | D:5      | Found a glowing silver altar of Zin.
  6631 | D:6      | Found a hazy altar of Hepliaklqana.
  6635 | D:6      | Found a basalt altar of Yredelemnul.
  6640 | D:6      | Found a bloodstained altar of Trog.
  6753 | D:6      | Splashed by a jelly's acid

Skill      XL: |  1  2  3  4  5  6  7  8 |
---------------+-------------------------+-----
Short Blades   | 1 2 3 4 |  4.1
Dodging        | 2 3 4 |  4.3
Spellcasting   | 2 3 |  3.0
Fighting       | 1 2 3 |  3.0
Stealth        | 4 |  4.8
Shields        | 1 2 |  2.1
Hexes          | 3 |  3.4
Ice Magic      | 1 2 |  2.2

Action                   |  1- 3 |  4- 6 |  7- 9 || total
-------------------------+-------+-------+-------++-------
Melee: Dagger            |   133 |       |   279 ||   412
       Short sword       |    62 |   185 |     2 ||   249
 Cast: Corona            |       |       |    21 ||    21
       Ensorcelled Hiber |       |       |     3 ||     3
Evoke: Wand              |       |       |     2 ||     2
  Use: Scroll            |       |     4 |     1 ||     5
       Potion            |       |     2 |     1 ||     3
 Stab: Sleeping          |     2 |     7 |     3 ||    12
       Distracted        |       |     1 |       ||     1
  Eat: Chunk             |    19 |    12 |     7 ||    38
Armor: Robe              |    42 |       |       ||    42
       Leather armour    |    18 |       |       ||    18
       Animal skin       |       |    33 |    34 ||    67
Dodge: Dodged            |   108 |    77 |   120 ||   305
Block: Buckler           |       |    29 |    60 ||    89
